 Dungeon Crawl Stone Soup version 0.30-a0-622-gddc90eaa04 (webtiles) character file.

Game seed: 6894883801708486911

69106 kae the Brawler (level 14, -4/122 (133) HPs)
             Began as a Demonspawn Transmuter on Jan 10, 2023.
             Was a Priest of Ru.
             Slain by an orc warrior
             ... wielding a +0 battleaxe
             ... led by an orc warlord
              (8 damage)
             ... on level 2 of the Orcish Mines.
             The game lasted 00:26:28 (20464 turns).

kae the Brawler (Demonspawn Transmuter)            Turns: 20464, Time: 00:26:29

HP:   -4/122 (133)  AC:  9    Str: 27    XL:     14   Next: 89%
MP:   24/24         EV: 15    Int: 16    God:    Ru [***...]
Gold: 2933          SH:  0    Dex: 17    Spells: 17/27 levels left

rFire   x . .      SeeInvis .      - Unarmed
rCold   + + +      Faith    .    (shield currently unavailable)
rNeg    . . .      Spirit   .    (body armour currently unavailable)
rPois   +          Reflect  .    (helmet currently unavailable)
rElec   .          Harm     .    (cloak currently unavailable)
rCorr   .          Rampage  .    (gloves currently unavailable)
Will    +....                    (boots currently unavailable) Stlth
                                 g - amulet of regeneration
HPRegen 1.20/turn                S - +6 ring of strength
MPRegen 0.19/turn                s - +6 ring of strength

@: mighty, ice-form, drained, unable to drink
A: freezing attack, amphibious, boosted hp, large, thin skeletal structure 2,
foul stench 1, powered by pain 2, inability to drink after injury 2, no stealth,
inability to train armour, (weakness stinger 2)
a: End Transformation, Renounce Religion, Sacrifice Essence, Sacrifice Arcana,
Sacrifice Skill, Reject Sacrifices, Draw Out Power


You were on level 2 of the Orcish Mines.
You worshipped Ru.
Ru was most pleased with you.
You were a creature of crystalline ice.
You visited 4 branches of the dungeon, and saw 20 of its levels.

You collected 2933 gold pieces.


Innate Abilities, Weirdness & Mutations

You are a creature of crystalline ice.
You have a powerful freezing melee attack.
You are amphibious.
Your maximum health is increased.
Your armour is entirely melded.
You are incapable of wielding weapons or throwing items.
You have a moderately thin skeletal structure. (Dex +4, Stealth++)
You may rarely emit foul miasma when damaged in melee.
You sometimes gain power by taking damage.
You sometimes lose the ability to drink potions when taking damage.
You cannot be stealthy.
You cannot train Armour skill.
((You have a tail ending in a sharp stinger.))


   Skills:
 + Level 10.3 Fighting
 + Level 9.6 Dodging
 * Level 15.0 Unarmed Combat
 - Level 7.1 Spellcasting
 - Level 10.0 Transmutations
 - Level 9.0 Ice Magic
 - Level 2.0 Poison Magic


You had 17 spell levels left.
You knew the following spells:

 Your Spells              Type           Power      Damage    Failure   Level
a - Beastly Appendage     Tmut           74%        N/A       1%          1
b - Wereblood             Tmut           37%        N/A       1%          2
c - Spider Form           Tmut/Pois      25%        N/A       3%          3
d - Ice Form              Ice/Tmut       36%        N/A       2%          4

Your spell library contained the following spells:

 Spells                   Type           Power      Damage    Failure   Level
 Freeze                   Ice            100%       1d10      1%          1
 Frozen Ramparts          Ice            68%        1d11      1%          3
 Passwall                 Tmut/Erth      17%        N/A       2%          2
 Ensorcelled Hibernation  Hex/Ice        40%        N/A       3%          2
 Hailstorm                Conj/Ice       20%        3d6       6%          3
 Ignite Poison            Fire/Tmut/Pois 18%        N/A       7%          3
 Petrify                  Tmut/Erth      21%        N/A       16%         4
 Blink                    Tloc           10%        N/A       19%         2
 Momentum Strike          Conj/Tloc      10%        3d8       19%         2
 Sublimation of Blood     Necr           5%         N/A       19%         2
 Summon Ice Beast         Ice/Summ       20%        N/A       19%         4
 Lesser Beckoning         Tloc           10%        N/A       36%         3
 Swiftness                Air            5%         N/A       36%         3
 Irradiate                Conj/Tmut      10%        3d15      41%         5
 Sticky Flame             Conj/Fire      5%         2d3       77%         4
 Summon Mana Viper        Hex/Summ       5%         N/A       98%         5
 Monstrous Menagerie      Summ           2%         N/A       100%        7
 Ignition                 Fire           2%         3d3       100%        8

Inventory:

Missiles
 e - 2 throwing nets {=f!f}
 j - 49 poisoned darts
 r - 5 atropa-tipped darts
 u - a curare-tipped dart {=f}
 H - 6 javelins
 K - 6 boomerangs
Armour
 a - a +0 robe (melded)
 L - a +1 cloak of preservation (melded)
   (You took it off Crazy Yiuf on level 6 of the Dungeon)
Magical Staves
 t - a staff of cold {!a}
   (You found it on level 3 of the Dungeon)
Jewellery
 g - an amulet of regeneration (around neck)
   (You found it on level 3 of the Dungeon)
 h - the amulet of Xom's Whimsicality {Harm Regen+}
   (You found it on level 5 of the Lair of Beasts)

   [amulet of regeneration]

   Regen:     It increases your rate of health regeneration.
   Harm:      It increases damage dealt and taken.
 s - a +6 ring of strength (right front paw)
   (You found it on level 5 of the Lair of Beasts)
 C - a ring of ice
   (You took it off Fannar on level 10 of the Dungeon)
 J - an amulet of magic regeneration
   (You found it on level 3 of the Dungeon)
 N - a ring of positive energy
   (You found it on level 2 of the Lair of Beasts)
 R - a ring of resist corrosion
   (You found it on level 3 of the Dungeon)
 S - a +6 ring of strength (left front paw)
   (You found it on level 4 of the Lair of Beasts)
 W - a ring of magical power
   (You found it on level 1 of the Dungeon)
 Z - a ring of wizardry
   (You found it on level 5 of the Dungeon)
Wands
 c - a wand of acid (5)
   (You found it on level 11 of the Dungeon)
 o - a wand of iceblast (17)
   (You found it on level 8 of the Dungeon)
 y - a wand of polymorph (11)
   (You found it on level 7 of the Dungeon)
 G - a wand of flame (58)
   (You found it on level 5 of the Dungeon)
 I - a wand of paralysis (8)
   (You found it on level 5 of the Dungeon)
Scrolls
 d - 5 scrolls of amnesia
 n - 11 scrolls of teleportation {@r4}
 p - 3 scrolls of immolation {!r!r}
 w - 2 scrolls of vulnerability {!r!r}
 A - 13 scrolls of identify {@r1}
 E - 4 scrolls of enchant armour
 F - a scroll of brand weapon
 O - a scroll of fog
 P - 3 scrolls of enchant weapon
 Q - a scroll of torment {!r}
 U - 2 scrolls of fear
 X - 2 scrolls of poison {!r}
Potions
 b - 4 potions of lignification {!q}
 f - a potion of mutation {!q}
 i - 4 potions of magic
 k - 4 potions of cancellation
 l - 9 potions of heal wounds {@q2}
 m - a potion of ambrosia
 q - 3 potions of flight
 v - 4 potions of invisibility
 x - 2 potions of brilliance
 z - 4 potions of curing {@q1}
 B - 2 potions of resistance
 D - 2 potions of attraction {!q}
 M - 2 potions of berserk rage {!q}
 V - 2 potions of haste {@q3}
Miscellaneous
 T - a phial of floods
   (You found it on level 3 of the Lair of Beasts)

Dungeon Overview and Level Annotations

Branches:
Dungeon (12/15) Zot: 26030  Temple (1/1) D:5 Zot: 5971    Lair (5/5) D:8 Zot: 24223
 Shoals (0/4) Lair:2        Snake (0/4) Lair:3        Slime (0/5) Lair:5
    Orc (2/2) D:12 Zot: 10577     Elf (0/3) Orc:2

Altars:
Ashenzari
Cheibriados
Dithmenos
Fedhas
Gozag
Hepliaklqana
Kikubaaqudgha
Makhleb
Nemelex Xobeh
Okawaru
Qazlal
Ru
Sif Muna
Trog
Uskayaw
Vehumet
Wu Jian
Xom
Yredelemnul
Jiyva

Portals:
Abyss: D:11
Trove: D:11 (give 4 scrolls of blinking)

Annotations:
D:3 Grinder
D:5 3 runed translucent doors, ma3's ghost, novice MfEn
D:6 exclusion: steam dragon
D:10 3 runed translucent doors, zero's ghost, adept GrEE
D:11 2 transporters, Ezukleytt's ghost, journeyman SpHu
Lair:5 1 runed translucent door

## ### .## ##.# #### #.##
##..##### #####..# ...#
##<...##.# ### #..#...# ..##
#.....).####.###.....##### ..##
##.......#.3..###......#.#
...####...>.)).#☼#o#...........##
....#)..........33##............#
......[.........Y..#.............
.....[...#..#...o..o.............
.........#................#......
.......#.##.............##[......
..........##..#.......#####......
...........#.#...........##......
...........#......#.......#.....#
..................###...........#
.#.##.#...........# #.....)..)..#


You could see an orc high priest, 2 sixfirhies, a neqoxec (summoned), an orc
sorcerer and an orc warrior.


Message History

The orc warrior unwields a +0 arbalest.
The orc warrior wields a +0 hand axe.
The orc warrior hits you with a +0 hand axe!
You barely miss the orc warrior.
The orc warrior hits you but does no damage. 😕 HP[-8] MP[+1]
You take 8 damage, and now have 109/121 hp.
You pummel the orc warrior!! You freeze the orc warrior.
You kill the orc warrior!
You redirect the orc warrior's attack!
The orc warrior unwields a +0 battleaxe.
The orc warrior wields a +0 arbalest.
The orc warrior shoots a bolt.
The bolt misses the orc wizard.
The bolt closely misses you.
Items here: )) [ †. 😕 HP[+2]
You now have 122 max hp (+1).
You regained 2 hp, and now have 111/122 hp.
You hit the orc wizard but do no damage.
The orc wizard hits you with a +3 dagger.
The orc warrior shoots a bolt.
The bolt hits you!
You pulverise the orc wizard!!!
You freeze the orc wizard.
You kill the orc wizard!
Your Unarmed Combat skill increases to level 15! 😕 HP[-9]
You take 9 damage, and now have 102/122 hp.
The orc warrior shoots a bolt.
The bolt misses you.
The orc warrior shoots a bolt.
The bolt misses you. 😕 HP[+2] MP[+1]
You regained 2 hp, and now have 104/122 hp.
The orc high priest mumbles some strange prayers to Beogh.
The sixfirhy misses you.
The orc warrior shoots a bolt.
The bolt barely misses you. The sixfirhy hits you. The sixfirhy shocks you!
You feel threatened and lose the ability to drink potions! 😕 HP[-10]
You take 10 damage, and now have 94/122 hp.
You closely miss the sixfirhy. The sixfirhy barely misses you. x3
The orc warrior shoots a bolt.
The bolt closely misses you.
You hit the sixfirhy. You freeze the sixfirhy.
The sixfirhy hits you but does no damage.
The sixfirhy completely misses you.
The orc high priest completely misses you. 😕 HP[+1]
You closely miss the sixfirhy.
The orc high priest mumbles some strange prayers to Beogh.
You miss the sixfirhy.
The orc warrior is stunned by your conviction and fails to attack. 😕 HP[+2] MP[+1]
You regained 2 hp, and now have 97/122 hp.
Your mp is fully restored (24).
You barely miss the sixfirhy.
The orc high priest prays.
The orc high priest misses you.
The neqoxec begins to attack, but is stunned by your conviction!
The orc warrior shoots a bolt.
The bolt barely misses you.
The bolt completely misses the sixfirhy.
You closely miss the sixfirhy.
The sixfirhy hits you but does no damage. x2
The orc high priest hits you but does no damage.
You redirect the orc warrior's attack!
The orc warrior shoots a bolt.
The bolt completely misses the sixfirhy.
The bolt hits the orc high priest!
The sixfirhy hits you. The sixfirhy shocks you! 😮 HP[-14]
You take 14 damage, and now have 83/122 hp.
You are too injured to fight recklessly!
You are too injured to fight recklessly!
Unknown command.
You closely miss the sixfirhy. The sixfirhy hits you. The sixfirhy shocks you!
You focus your inner power and illuminate the sixfirhy in retribution!
The sixfirhy closely misses you. The sixfirhy hits you!
You focus on the pain.
You feel very mighty all of a sudden. The sixfirhy shocks you!
* * * LOW HITPOINT WARNING * * *
You focus on the pain.
You feel mightier all of a sudden.
You emit a cloud of foul miasma!
The sixfirhy hits you but does no damage.
The orc high priest misses you. 😨 HP[-31]
You take 31 damage, and now have 52/122 hp.
MASSIVE DAMAGE!! (PAUSE)
The sixfirhy attacks as you move away!
The sixfirhy is stunned by your conviction and fails to attack.
The sixfirhy hits you.
* * * LOW HITPOINT WARNING * * *
The sixfirhy shocks you!
* * * LOW HITPOINT WARNING * * *
You emit a cloud of foul miasma!
The sixfirhy closely misses you. The sixfirhy hits you.
* * * LOW HITPOINT WARNING * * *
The sixfirhy shocks you!
* * * LOW HITPOINT WARNING * * *
The sixfirhy hits you!
* * * LOW HITPOINT WARNING * * *
The sixfirhy shocks you!
* * * LOW HITPOINT WARNING * * *
The sixfirhy hits you but does no damage.
The orc warrior unwields a +0 arbalest.
The orc warrior wields a +0 battleaxe.
The orc warrior hits you with a +0 battleaxe!
You die...

Skill      XL: |  1  2  3  4  5  6  7  8  9 10 11 12 13 14 |
---------------+-------------------------------------------+-----
Transmutations | 2 3 4 5 6 8 9 10 | 10.0
Unarmed Combat | 3 4 5 6 7 9 11 13 15 | 15.0
Poison Magic   | 1 2 |  2.0
Spellcasting   | 3 4 5 6 7 |  7.1
Ice Magic      | 2 3 5 6 8 9 |  9.0
Dodging        | 4 6 8 9 |  9.6
Fighting       | 3 6 8 10 | 10.3

Action                   |  1- 3 |  4- 6 |  7- 9 | 10-12 | 13-15 || total
-------------------------+-------+-------+-------+-------+-------++-------
Melee: Unarmed           |    84 |   146 |   310 |   610 |   648 ||  1798
       Headbutt          |     7 |     5 |       |       |       ||    12
       Kick              |    15 |    12 |       |       |       ||    27
       Tailslap          |     5 |     4 |     3 |       |       ||    12
       Punch             |     2 |       |     1 |       |       ||     3
 Cast: Beastly Appendage |    25 |    20 |       |       |       ||    45
       Spider Form       |       |    12 |     4 |     1 |       ||    17
       Ice Form          |       |     1 |    28 |    63 |    77 ||   169
       Wereblood         |       |       |     9 |    22 |    24 ||    55
Invok: Sacrifice Drink   |       |       |     1 |       |       ||     1
       Sacrifice Durabil |       |       |       |     1 |       ||     1
       Sacrifice Stealth |       |       |       |     1 |       ||     1
       Draw Out Power    |       |       |       |       |     3 ||     3
Evoke: Wand              |       |       |       |     5 |     5 ||    10
  Use: Scroll            |     2 |     3 |     5 |    19 |     2 ||    31
       Potion            |       |     1 |       |     2 |       ||     3
 Stab: Sleeping          |     4 |     8 |     3 |     3 |       ||    18
       Petrified         |       |       |       |     9 |     3 ||    12
       Invisible         |       |       |       |       |     6 ||     6
Armor: Robe              |    17 |    13 |     3 |       |       ||    33
       Skin              |       |    15 |    78 |   213 |   185 ||   491
Dodge: Dodged            |    48 |   100 |   140 |   364 |   417 ||  1069

Levels and vault maps discovered:
D:1:      dpeg_arrival_simpleton_b, layout_basic, minmay_lizard_king
D:2:      layout_loops_cross, grunt_ministairs_14
D:3:      layout_basic, ebering_ghost_sewer_f, kennysheep_doodads,
          grunt_decor_cap, kennysheep_generic_room_14, uniq_grinder
D:4:      minmay_chambers_of_threes, layout_loops_ring,
          mainiacjoe_overflow_large_starburst, mainiacjoe_overflow_alcove_1,
          makhleb_heckhound_becter, nicolae_qazlal_general_emergency,
          columned_hall_lemuel, serial_bayou_lake_a, uniq_natasha, uniq_sigmund
D:5:      layout_loops_ring, minmay_temple_entry_sparse_star,
          gammafunk_ghost_icy, chequers_serial_rivers_marsh, dk_vineyard_3,
          kennysheep_generic_room_12, uniq_blork_the_orc, uniq_eustachio
D:6:      minmay_polygon_palace, layout_basic, uniq_crazy_yiuf_cottage,
          uniq_edmund
D:7:      layout_cave_pools, minmay_crossroads
D:8:      layout_basic, erik_lair_island, hellmonk_guarded_unrand_zhor
D:9:      layout_stronghold, nicolae_overflow_two_pavilions, uniq_prince_ribbit1
D:10:     layout_basic, gammafunk_ghost_ooze, kennysheep_generic_room_7,
          uniq_maurice, uniq_grum, uniq_fannar
D:11:     layout_loops_cross, enter_trove_5, gammafunk_ghost_abyssal_escape,
          tso_oasis_becter
D:12:     layout_roguey, minmay_orc_entry_temple_small, gammafunk_ghost_grave,
          uniq_urug
Temple:   hellmonk_temple_two_chambers
Lair:1:   layout_long_grid, serial_bayou_pond_c, chequers_serial_rivers_large_a
Lair:2:   layout_misc_corridors, nicolae_shoals_entry_roost, ldierk_geyser,
          nicolae_quartered_pool_impasse, pdpol_lair_neglected_garden,
          infiniplex_staircase_pool
Lair:3:   layout_misc_corridors, dummy_snake_entry, beast_lair_carwin_6,
          grunt_megastairs_1, serial_bayou_shore_a, serial_bayou_shore_b
Lair:4:   layout_misc_corridors
Lair:5:   grunt_lair_end_beastmaster, layout_loops_ring, slime_entry_2,
          basic_altar
Orc:1:    layout_caves
Orc:2:    st_orc_elflike, layout_diamond_mine, uniq_erolcha

Notes
Turn   | Place    | Note
-------+----------+-------------------------------------------
     0 | D:1      | kae the Demonspawn Transmuter began the quest for the Orb.
     0 | D:1      | Reached XP level 1. HP: 15/15 MP: 3/3
     0 | D:1      | magus.rc [v1.11.3]
   171 | D:1      | Reached skill level 2 in Transmutations
   316 | D:1      | Gained mutation: You have a small tail. [demonic ancestry]
   316 | D:1      | Reached XP level 2. HP: 21/21 MP: 5/5
   750 | D:1      | Reached skill level 3 in Unarmed Combat
   776 | D:1      | Gained mutation: You have a somewhat thin skeletal
                  | structure. (Dex +2, Stealth+) [demonic ancestry]
   776 | D:1      | Reached XP level 3. HP: 24/26 MP: 6/6
   779 | D:1      | Learned a level 2 spell: Wereblood
   783 | D:1      | Learned a level 3 spell: Spider Form
  1185 | D:2      | You pick up a book of Burglary and begin reading...
  1185 | D:2      | You add the spells Passwall, Ensorcelled Hibernation and
                  | Swiftness to your library.
  1328 | D:2      | Reached skill level 1 in Poison Magic
  1460 | D:2      | Reached skill level 3 in Transmutations
  1461 | D:2      | Gained mutation: You have a moderately thin skeletal
                  | structure. (Dex +4, Stealth++) [demonic ancestry]
  1461 | D:2      | Reached XP level 4. HP: 29/32 MP: 7/7
  1527 | D:2      | You pick up a book of Frost and begin reading...
  1527 | D:2      | You add the spells Freeze, Frozen Ramparts and Hailstorm to
                  | your library.
  1945 | D:3      | Noticed Grinder
  2287 | D:3      | Found a runed translucent door.
  2289 | D:3      | Noticed mrw0lf's ghost (weakling GnHs)
  2320 | D:3      | Found a runed translucent door.
  2505 | D:4      | Noticed Natasha
  2512 | D:4      | Killed Natasha
  2563 | D:4      | Found a stormy altar of Qazlal.
  2643 | D:4      | Reached XP level 5. HP: 37/37 MP: 9/9
  2650 | D:4      | Noticed Natasha
  2654 | D:4      | Found a basalt altar of Yredelemnul.
  2660 | D:4      | Killed Natasha
  2661 | D:4      | Reached skill level 2 in Poison Magic
  2728 | D:4      | Reached skill level 3 in Spellcasting
  2728 | D:4      | Reached skill level 4 in Transmutations
  2728 | D:4      | Noticed Natasha
  2734 | D:4      | HP: 6/37 [Natasha (7)]
  2739 | D:4      | Killed Natasha
  2740 | D:4      | Gained mutation: You sometimes gain a little power by
                  | taking damage. [demonic ancestry]
  2740 | D:4      | Reached XP level 6. HP: 19/43 MP: 10/10
  2807 | D:4      | Found a shimmering altar of Xom.
  2815 | D:4      | You add the spells Ignite Poison, Sticky Flame and Ignition
                  | to your library.
  2819 | D:4      | Found a burning altar of Makhleb.
  2826 | D:4      | Learned a level 4 spell: Ice Form
  2945 | D:4      | Noticed Sigmund
  3029 | D:4      | Reached skill level 1 in Ice Magic
  3165 | D:4      | Reached skill level 4 in Unarmed Combat
  3165 | D:4      | Reached skill level 2 in Ice Magic
  3165 | D:4      | Reached XP level 7. HP: 48/48 MP: 12/12
  3290 | D:4      | Found an ornate altar of the Wu Jian Council.
  3785 | D:5      | Entered Level 5 of the Dungeon
  3880 | D:5      | Found a staircase to the Ecumenical Temple.
  3915 | D:5      | Noticed Eustachio
  3930 | D:5      | Noticed Blork the orc
  3947 | D:5      | Killed Blork the orc
  3948 | D:5      | Reached skill level 5 in Transmutations
  4029 | D:5      | Reached skill level 3 in Ice Magic
  4069 | D:5      | Reached skill level 4 in Spellcasting
  4187 | D:5      | Gained mutation: You have a tail ending in a sharp stinger.
                  | [demonic ancestry]
  4187 | D:5      | Reached XP level 8. HP: 54/54 MP: 11/14
  4333 | D:5      | Found a runed translucent gate.
  4333 | D:5      | Found a runed translucent gate.
  4335 | D:5      | Found a runed translucent gate.
  4428 | D:5      | Noticed ma3's ghost (novice MfEn)
  4665 | D:5      | Reached skill level 4 in Ice Magic
  4729 | D:5      | Reached skill level 6 in Transmutations
  4929 | Temple   | Entered the Ecumenical Temple
  4951 | Temple   | Became a worshipper of Ru the Awakened
  5014 | D:3      | Killed mrw0lf's ghost
  5205 | D:5      | Killed Eustachio
  5206 | D:5      | Reached skill level 5 in Unarmed Combat
  5341 | D:4      | Killed Sigmund
  5342 | D:4      | Reached skill level 5 in Ice Magic
  5556 | D:6      | Reached XP level 9. HP: 59/59 MP: 16/16
  5654 | D:6      | Reached skill level 5 in Spellcasting
  5731 | D:6      | Reached skill level 7 in Transmutations
  6072 | D:6      | Noticed Edmund
  6084 | D:6      | Killed Edmund
  6163 | D:6      | Reached skill level 6 in Ice Magic
  6397 | D:6      | Reached skill level 6 in Unarmed Combat
  6623 | D:6      | Found a runed translucent door.
  6624 | D:6      | Noticed Crazy Yiuf
  6785 | D:6      | Gained mutation: You occasionally lose the ability to drink
                  | potions when taking damage. [Ru sacrifice]
  6785 | D:6      | Gained mutation: You sometimes lose the ability to drink
                  | potions when taking damage. [Ru sacrifice]
  6785 | D:6      | Reached * piety under Ru
  6792 | D:6      | Killed Crazy Yiuf
  6793 | D:6      | Reached skill level 8 in Transmutations
  6998 | D:7      | Gained mutation: You may rarely emit foul miasma when
                  | damaged in melee. [demonic ancestry]
  6998 | D:7      | Reached XP level 10. HP: 41/65 MP: 18/18
  7042 | D:7      | Reached skill level 7 in Ice Magic
  7305 | D:7      | Reached skill level 6 in Spellcasting
  7353 | D:7      | Identified the +1 leather armour "Nagai" {rC+++ Will+ Str-5
                  | Dex+7}
  7383 | D:7      | Noticed a two-headed ogre
  7389 | D:7      | Killed a two-headed ogre
  7520 | D:7      | Noticed a two-headed ogre
  7528 | D:7      | HP: 17/78 [two-headed ogre/+0 dire flail (20)]
  7529 | D:7      | HP: 3/78 [two-headed ogre/+0 dire flail (15)]
  7530 | D:7      | Killed a two-headed ogre
  7693 | D:7      | Identified a scroll of acquirement
  7693 | D:7      | Acquired 748 gold pieces
  7789 | D:8      | Reached skill level 9 in Transmutations
  7809 | D:8      | Reached skill level 8 in Ice Magic
  7820 | D:8      | You pick up a book of Alchemy and begin reading...
  7820 | D:8      | You add the spells Sublimation of Blood, Petrify and
                  | Irradiate to your library.
  7826 | D:8      | Found a staircase to the Lair.
  8485 | D:8      | Reached skill level 7 in Unarmed Combat
  8773 | D:8      | Reached XP level 11. HP: 70/70 MP: 21/21
  8808 | D:8      | Found the +4 skin of Zhor {*Englaciate rC+++ SInv}
  9167 | D:9      | Reached skill level 7 in Spellcasting
  9260 | D:9      | Reached skill level 9 in Ice Magic
  9269 | D:9      | Reached skill level 10 in Transmutations
  9410 | D:9      | Identified the +0 robe "Zusexzo" {Rampage Fly rC+}
  9418 | D:9      | Noticed Prince Ribbit
  9430 | D:9      | Killed Prince Ribbit
  9474 | D:9      | Reached skill level 2 in Dodging
  9496 | D:9      | Reached skill level 2 in Fighting
  9893 | D:9      | Found a hazy altar of Hepliaklqana.
  9893 | D:9      | Found a hide-covered altar of Uskayaw.
 10066 | D:10     | Entered Level 10 of the Dungeon
 10073 | D:10     | Reached skill level 8 in Unarmed Combat
 10078 | D:10     | HP: 16/86 [yak (12)]
 10080 | D:10     | HP: 2/86 [yak (12)]
 10334 | D:10     | Reached skill level 3 in Dodging
 10399 | D:10     | Noticed Maurice
 10413 | D:10     | Killed Maurice
 10416 | D:10     | Gained mutation: You cannot train Armour skill. [Ru
                  | sacrifice]
 10416 | D:10     | Reached ** piety under Ru
 10507 | D:10     | Reached skill level 3 in Fighting
 10516 | D:10     | Noticed Grum
 10516 | D:10     | Noticed Fannar
 10529 | D:10     | HP: 20/90 [Grum/-2 halberd (16)]
 10532 | D:10     | HP: 9/90 [Grum/-2 halberd (11)]
 10533 | D:10     | HP: 1/90 [wolf[Grum] (8)]
 10658 | D:10     | Killed Grum
 10677 | D:10     | Killed Fannar
 10778 | D:10     | Reached skill level 9 in Unarmed Combat
 11104 | D:10     | Found a runed translucent gate.
 11104 | D:10     | Found a runed translucent gate.
 11104 | D:10     | Found a runed translucent gate.
 11107 | D:10     | Found a viscous altar of Jiyva.
 11107 | D:10     | Noticed zero's ghost (adept GrEE)
 11189 | Lair:1   | Entered Level 1 of the Lair of Beasts
 11204 | D:8      | Reached skill level 4 in Dodging
 11204 | D:8      | Reached XP level 12. HP: 70/83 MP: 22/22
 11205 | D:8      | Reached skill level 4 in Fighting
 11354 | Lair:1   | HP: 21/100 [blink frog (12)]
 11361 | Lair:1   | HP: 13/100 [blink frog (13)]
 11633 | Lair:1   | You fall into a shaft and drop 1 floor!
 11716 | Lair:2   | Reached skill level 5 in Fighting
 11722 | Lair:2   | Reached skill level 10 in Unarmed Combat
 11725 | Lair:2   | Reached skill level 5 in Dodging
 11769 | Lair:2   | HP: 10/103 [komodo dragon (19)]
 12163 | Lair:1   | Reached skill level 6 in Fighting
 12173 | Lair:1   | Reached skill level 11 in Unarmed Combat
 12178 | Lair:1   | Reached skill level 6 in Dodging
 12369 | Lair:1   | You pick up a book of Beasts and begin reading...
 12369 | Lair:1   | You add the spells Summon Ice Beast, Summon Mana Viper and
                  | Monstrous Menagerie to your library.
 12466 | Lair:1   | Gained mutation: You cannot be stealthy. [Ru sacrifice]
 12466 | Lair:1   | Reached *** piety under Ru
 12528 | Lair:1   | Reached XP level 13. HP: 95/95 MP: 23/23
 13229 | Lair:2   | Found a staircase to the Shoals.
 13642 | Lair:3   | Reached skill level 7 in Fighting
 13730 | Lair:3   | Found a staircase to the Snake Pit.
 13816 | Lair:3   | Reached skill level 12 in Unarmed Combat
 13947 | Lair:3   | Reached skill level 7 in Dodging
 14261 | Lair:3   | HP: 21/117 [cane toad (58)]
 14270 | Lair:3   | HP: 25/117 [wolf (7)]
 14827 | Lair:4   | Reached skill level 8 in Fighting
 15285 | Lair:4   | HP: 19/116 [elephant (13)]
 15487 | Lair:5   | Entered Level 5 of the Lair of Beasts
 15500 | Lair:5   | Reached skill level 13 in Unarmed Combat
 15705 | Lair:5   | Reached skill level 8 in Dodging
 15896 | Lair:5   | Gained mutation: You sometimes gain power by taking damage.
                  | [demonic ancestry]
 15896 | Lair:5   | Reached XP level 14. HP: 106/106 MP: 22/24
 16151 | Lair:5   | Reached skill level 9 in Fighting
 16271 | Lair:5   | Identified the amulet of Xom's Whimsicality {Harm Regen+}
 16377 | Lair:5   | Found a runed translucent door.
 16380 | Lair:5   | Found a viscous altar of Jiyva.
 16441 | Lair:5   | Found a staircase to the Slime Pits.
 16471 | Lair:5   | Found an iron altar of Okawaru.
 16921 | Lair:5   | Reached skill level 14 in Unarmed Combat
 17327 | D:11     | HP: 28/129 [vault guard/+0 glaive (18)]
 17413 | D:11     | Found a portal to a secret trove of treasure.
 17417 | D:11     | This trove needs 4 scrolls of blinking to function. Give it
                  | the items?
 17804 | D:11     | You pick up a book of Spatial Translocations and begin
                  | reading...
 17804 | D:11     | You add the spells Blink, Momentum Strike and Lesser
                  | Beckoning to your library.
 17874 | D:11     | Noticed Ezukleytt's ghost (journeyman SpHu)
 17875 | D:11     | Found a one-way gate to the infinite horrors of the Abyss.
 17926 | D:11     | Found a transporter.
 17950 | D:11     | Found a transporter.
 18115 | D:12     | Reached skill level 9 in Dodging
 18206 | D:12     | Noticed Urug
 18214 | D:12     | Killed Urug
 18718 | D:12     | Found a staircase to the Orcish Mines.
 18751 | D:12     | Found a runed translucent door.
 18753 | D:12     | Noticed vianneychevalier's ghost (journeyman MiFi)
 18923 | D:12     | Killed vianneychevalier's ghost
 19007 | Orc:1    | Entered Level 1 of the Orcish Mines
 19268 | Orc:2    | Entered Level 2 of the Orcish Mines
 19577 | Orc:2    | Noticed Erolcha
 19586 | Orc:2    | Killed Erolcha
 19587 | Orc:2    | Reached skill level 10 in Fighting
 19705 | Orc:2    | Found a staircase to the Elven Halls.
 20325 | Orc:2    | Paralysed by an orc sorcerer for 3 turns
 20332 | Orc:2    | Noticed an orc warlord
 20352 | Orc:2    | Killed an orc warlord
 20356 | Orc:2    | HP: 25/121 [sun demon[an orc high priest] (21)]
 20356 | Orc:2    | HP: 11/121 [soul eater[an orc high priest] (14)]
 20453 | Orc:2    | Reached skill level 15 in Unarmed Combat
 20464 | Orc:2    | HP: 26/122 [sixfirhy[an orc high priest] (9)]
 20464 | Orc:2    | HP: 4/122 [sixfirhy[an orc high priest] (11)]
 20464 | Orc:2    | Slain by an orc warrior

Vanquished Creatures
  An orc warlord (Orc:2)
  The ghost of vianneychevalier the Severer, a journeyman MiFi of Hepliaklqana (D:12)
  Fannar (D:10)
  A vault guard (D:11)
  5 hydras
  Erolcha (Orc:2)
  4 two-headed ogres
  3 catoblepae
  A tengu warrior (D:12)
  4 death yaks (Lair:5)
  2 boulder beetles
  A deep troll shaman (Lair:5)
  Urug (D:12)
  An orc high priest (Orc:2)
  A lindwurm (Lair:4)
  2 harpies (Lair:2)
  5 orc sorcerers (Orc:2)
  4 orc knights (Orc:2)
  A cyclops (D:10)
  2 manticores
  3 black mambas
  30 elephants
  Maurice (D:10)
  A torpor snail (Lair:1)
  12 cane toads
  A tengu conjurer (D:12)
  7 rime drakes
  8 komodo dragons
  2 trolls
  3 meliai (D:12)
  2 hornets
  4 polar bears
  Prince Ribbit (D:9)
  21 blink frogs
  4 dream sheep (Lair:3)
  Sigmund (D:4)
  A shadow (D:10)
  4 slime creatures (D:12)
  42 yaks
  2 vampires
  4 basilisks
  Eustachio (D:5)
  4 wyverns
  Grum (D:10)
  3 wargs (Orc:1)
  Edmund (D:6)
  An acid dragon (D:10)
  8 water moccasins
  18 orc warriors
  3 sky beasts (D:6)
  5 black bears
  5 ice beasts
  6 ogres
  26 wolves
  6 centaurs
  3 phantoms
  7 kobold brigands
  9 bullfrogs
  Blork the orc (D:5)
  2 gnoll sergeants
  5 scorpions
  5 wights (D:7)
  24 killer bees
  The ghost of mrw0lf the Vexing, a weakling GnHs of Hepliaklqana (D:3)
  5 electric eels
  3 howler monkeys
  9 hounds
  5 jellies
  11 orc priests
  A gnoll bouda (D:5)
  Crazy Yiuf (D:6)
  7 iguanas
  Natasha (thrice) (D:4)
  16 orc wizards
  9 adders
  14 gnolls
  2 shadow imps
  2 white imps (D:6)
  An ufetubus (D:4)
  A worm (D:3)
  7 dart slugs
  51 orcs
  7 bats
  8 endoplasms
  4 giant cockroaches
  5 goblins
  8 hobgoblins
  A jackal (D:3)
  2 quokkas
  10 ball pythons
  17 frilled lizards
  32 kobolds
  6 rats
589 creatures vanquished.

Vanquished Creatures (others)
  A komodo dragon (Lair:1)
  An orc (D:9)
  24 fungi
  42 plants
  2 withered plants (Lair:2)
70 creatures vanquished.

Grand Total: 659 creatures vanquished

Table legend:
 A = Non-vault XP
 B = Vault XP
 C = Vault XP percentage of total XP
 D = Non-vault monster count
 E = Vault monster count
 F = Vault count percentage of total count
                 A         B        C        D         E       F
            +---------+---------+-------+---------+---------+-------
      Total |   70449 |   28275 |  28.6 |     461 |     128 |  21.7
            +---------+---------+-------+---------+---------+-------
        D:1 |      35 |      10 |  22.2 |      19 |      10 |  34.5
        D:2 |      59 |      16 |  21.3 |      21 |       2 |   8.7
        D:3 |      31 |      81 |  72.3 |      17 |       6 |  26.1
        D:4 |     352 |     610 |  63.4 |      21 |      15 |  41.7
        D:5 |    1082 |     434 |  28.6 |      21 |       3 |  12.5
        D:6 |    1422 |    1140 |  44.5 |      29 |      16 |  35.6
        D:7 |    3240 |      88 |   2.6 |      26 |       2 |   7.1
        D:8 |    2511 |    1751 |  41.1 |      31 |      10 |  24.4
        D:9 |    4381 |     277 |   5.9 |      47 |       1 |   2.1
       D:10 |    2310 |    2428 |  51.2 |      32 |       9 |  22.0
       D:11 |    3109 |     870 |  21.9 |      11 |       1 |   8.3
       D:12 |    4558 |    2117 |  31.7 |      12 |       9 |  42.9
     Lair:1 |   10890 |       0 |   0.0 |      34 |       0 |   0.0
     Lair:2 |    6954 |     960 |  12.1 |      23 |       2 |   8.0
     Lair:3 |    8888 |    1726 |  16.3 |      31 |       6 |  16.2
     Lair:4 |    6374 |       0 |   0.0 |      15 |       0 |   0.0
     Lair:5 |   10151 |    9119 |  47.3 |      34 |      20 |  37.0
      Orc:1 |    1088 |       0 |   0.0 |      15 |       0 |   0.0
      Orc:2 |    3014 |    6648 |  68.8 |      22 |      16 |  42.1
            +---------+---------+-------+---------+---------+-------

Illustrated notes

Table legend:
 A = Kills in this place as a percentage of kills in entire the game.
 B = Kills by you in this place as a percentage of kills by you in the entire game.
 C = Kills by friends in this place as a percentage of kills by friends in the entire game.
 D = Other kills in this place as a percentage of other kills in the entire game.
 E = Experience gained in this place as a percentage of experience gained in the entire game.
 F = Experience gained in this place divided by the number of levels of this place that you have seen.
                   A       B       C       D       E      F
               +-------+-------+-------+-------+-------+----------------------
         Total | 100.0 | 100.0 |   N/A | 100.0 | 100.0 | 4936.2
       Dungeon |  63.0 |  63.1 |   N/A |   0.0 |  33.3 | 2742.7
          Lair |  28.0 |  27.9 |   N/A | 100.0 |  55.8 | 11012.4
  Orcish Mines |   9.0 |   9.0 |   N/A |   0.0 |  10.9 | 5375.0
               +-------+-------+-------+-------+-------+----------------------

Table legend: (Time is in decaauts)
 A = Elapsed time spent in this place.
 B = Non-inter-level travel time spent in this place.
 C = Inter-level travel time spent in this place.
 D = Time resting spent in this place.
 E = Time spent auto-exploring this place.
 F = Levels seen in this place.
 G = Mean time per level.
                   A        B        C        D        E       F      G
               +--------+--------+--------+--------+--------+-----+--------+
         Total |  20254 |  19362 |    892 |    802 |  14439 |  20 | 1012.7 |
       Dungeon |  13027 |  12455 |    572 |    578 |   9176 |  12 | 1085.6 |
        Temple |     28 |     23 |      5 |      0 |     10 |   1 |   28.0 |
          Lair |   5776 |   5578 |    198 |    178 |   4313 |   5 | 1155.2 |
  Orcish Mines |   1421 |   1306 |    115 |     46 |    940 |   2 |  710.5 |
               +--------+--------+--------+--------+--------+-----+--------+

Top non-repeatable levels by time:
  Lair:5: 1511 daAuts
     D:4: 1486 daAuts
     D:5: 1480 daAuts
  Lair:1: 1391 daAuts
     D:6: 1323 daAuts
     D:9: 1251 daAuts
     D:8: 1240 daAuts
  Lair:3: 1126 daAuts
     D:1: 1053 daAuts
  Lair:2: 1004 daAuts
    D:10: 987 daAuts
    D:12: 969 daAuts
   Orc:2: 961 daAuts
     D:7: 890 daAuts
     D:2: 864 daAuts
